 Dungeon Sprint DCSS version 0.28-a0-1356-g2ad6d04315 (webtiles) character file.

Game seed: 14376204534290656647

25751 mhtbhm the Shatterer (level 13, -17/130 HPs)
             Began as a Human Berserker on Dec 30, 2021.
             Was the Champion of Trog.
             Killed from afar by Aizul (20 damage)
             ... with a bolt of poison
             ... in the Dungeon (Sprint IX: "|||||||||||||||||||||||||||||").
             The game lasted 00:05:41 (3211 turns).

mhtbhm the Shatterer (Human Berserker)              Turns: 3211, Time: 00:05:42

Health: -17/130    AC: 23    Str: 23    XL:     13   Next: 52%
Magic:  13/13      EV: 14    Int:  8    God:    Trog [******]
Gold:   340        SH:  0    Dex: 15    Spells: 12/12 levels left

rFire   + . .      SeeInvis .   a - +10 eveningstar (protect)
rCold   . . .      Faith    .   (no shield)
rNeg    . . .      Spirit   .   b - +1 chain mail {rF+}
rPois   .          Reflect  .   w - +2 hat
rElec   .          Harm     .   r - +1 cloak
rCorr   .          Rampage  .   k - +0 pair of gloves
Will    .....      NoTele   +   A - +1 pair of boots
Stlth   ..........              (no amulet)
HPRegen 0.31/turn               m - +3 ring of dexterity
MPRegen 0.13/turn               n - +2 ring of evasion

@: lethally poisoned (-17 -> -50), on berserk cooldown, slowed, very slow
A: no striking features
a: Renounce Religion, Berserk, Trog's Hand, Brothers in Arms


You were in the Dungeon.
You worshipped Trog.
Trog was exalted by your worship.
You visited 1 branch You collected 1925 gold pieces.
You spent 1585 gold pieces at shops.

Inventory:

Hand Weapons
 a - a +10 eveningstar of protection (weapon)
 s - a +1 double sword of holy wrath
Missiles
 t - 7 javelins (quivered)
Armour
 b - a +1 chain mail of fire resistance (worn)
 k - a +0 pair of gloves (worn)
 r - a +1 cloak (worn)
 w - a +2 hat (worn)
 A - a +1 pair of boots (worn)
Jewellery
 l - a ring of fire
 m - a +3 ring of dexterity (left hand)
 n - a +2 ring of evasion (right hand)
 x - a ring of protection from cold
 y - a ring of ice
 z - a ring of poison resistance
Wands
 j - a wand of iceblast (8)
Scrolls
 h - 5 scrolls of blinking
 o - 2 scrolls of fear
 p - 5 scrolls of enchant weapon
 q - 3 scrolls of identify
 u - 2 scrolls of enchant armour
 v - a scroll of immolation
Potions
 c - 10 potions of curing
 d - 9 potions of heal wounds
 f - 4 potions of magic
 g - 2 potions of berserk rage
 i - a potion of invisibility
 B - a potion of mutation


   Skills:
 + Level 21.3 Fighting
 + Level 22.0 Maces & Flails
 + Level 15.6 Armour
 + Level 8.8 Dodging
 - Level 2.0 Stealth
 + Level 1.3 Evocations


You had 12 spell levels left.
You didn't know any spells.
Your spell library was empty.

Dungeon Overview and Level Annotations

Branches:
Dungeon (1/1)

Altars:
Cheibriados
Dithmenos
Elyvilon
Fedhas
Gozag
Hepliaklqana
Kikubaaqudgha
Makhleb
Nemelex Xobeh
Okawaru
Qazlal
Ru
Sif Muna
Trog
Uskayaw
Vehumet
Wu Jian
Xom
Yredelemnul
Zin
The Shining One
Beogh
Jiyva
Lugonu

Shops:
D ?=*:

Annotations:
D Aizul


Message History

Donald is heavily wounded.
Donald hits you with a +0 eveningstar.
* * * LOW HITPOINT WARNING * * *
You perforate Donald like a sieve!!!
You kill Donald!
Trog accepts your kill.
Trog appreciates your killing of a magic user.
Trog grants you a weapon! Something appears at your feet!
You see here a +3 antimagic flail.
Your Maces & Flails skill increases to level 22!
Aizul the Neglectful Guardian comes into view.
Aizul shouts!
Aizul screams, "I'll haunt your nightmares!"
Items here: ) [[ †.
You feel a strong urge to attack something.
You see here a +3 antimagic flail.
You are no longer berserk.
You are exhausted.
You feel yourself slow down.
Your cyclops goes berserk!
Aizul says, "I wasn't actually sleeping!"
Unknown command.
You swap places.
Aizul coils herself and waves her upper body at you.
The poison arrow hits your cyclops!!!
Your cyclops looks as sick as possible!
Aizul coils herself and waves her upper body at you.
The bolt of poison hits your cyclops!!
Your cyclops looks as sick as possible!
Your cyclops dies!
Your cyclops's corpse disappears in a puff of smoke!
The bolt of poison misses you.
Aizul coils herself and waves her upper body at you.
The bolt of poison hits you!!
You are poisoned.
* * * LOW HITPOINT WARNING * * *
Aizul coils herself and waves her upper body at you.
The bolt of poison hits you!!
You are more poisoned.
You die...

▓▓▓▓▓▓▓▓▓▓▓▓▓▓▓▓▓
▓.@.▓...▓...▓...▓
▓.▓.▓.▓.▓.▓.▓.▓.▓
▓.▓.▓.▓.▓.▓.▓.▓'▓
▓§▓.▓.▓.▓.▓.▓.▓.▓
▓)▓.▓.▓.▓.▓'▓.▓.▓
▓S▓.▓.▓.▓.▓.▓.▓.▓
▓.▓.▓[▓.▓.▓.▓.▓)▓
▓.▓.▓.▓.▓.▓.▓.▓.▓
▓.▓.▓.▓.▓.▓[▓.▓)▓


You could see Aizul.

Vanquished Creatures
  Gastronok (D)
  A tengu reaver (D)
  Donald (D)
  A very ugly thing (D)
  A fire dragon (D)
  2 ice dragons (D)
  3 hydras (D)
  2 ogre magi (D)
  A two-headed ogre (D)
  A centaur warrior (D)
  Urug (D)
  An orc knight (D)
  3 deep trolls (D)
  A wizard (D)
  A deep elf pyromancer (D)
  An elephant (D)
  An orc sorcerer (D)
  A black mamba (D)
  3 cane toads (D)
  A torpor snail (D)
  An unseen horror (shapeshifter) (D)
  A rime drake (D)
  A tengu conjurer (D)
  A komodo dragon (D)
  8 trolls (D)
  A hornet (D)
  5 polar bears (D)
  A blink frog (D)
  A shadow (D)
  A wyvern (D)
  A vampire (D)
  A culicivora (shapeshifter) (D)
  Grum (D)
  2 yaks (D)
  5 water moccasins (D)
  8 orc warriors (D)
  3 black bears (D)
  A centaur (D)
  4 wolves (D)
  A scorpion (D)
  2 orc priests (D)
  An iguana (D)
  5 orc wizards (D)
  An adder zombie (D)
  9 orcs (D)
  A bat zombie (D)
  A goblin (D)
  2 hobgoblins (D)
  A ball python (D)
  A rat (D)
100 creatures vanquished.

Vanquished Creatures (collateral kills)
  A very ugly thing (D)
  A boulder beetle (D)
  A tengu warrior (D)
  A deep elf pyromancer (D)
  An ugly thing (D)
  A dream sheep (shapeshifter) (D)
  A vampire (D)
  An orc wizard (D)
8 creatures vanquished.

Grand Total: 108 creatures vanquished

Notes
Turn   | Place    | Note
-------+----------+-------------------------------------------
     0 | D        | mhtbhm the Human Berserker began the quest for the Orb.
     0 | D        | Reached XP level 1. HP: 18/18 MP: 1/1
    12 | D        | Reached ** piety under Trog
    71 | D        | Noticed an iguana
    71 | D        | Noticed a scorpion
    74 | D        | Killed a scorpion
    75 | D        | Reached skill level 5 in Fighting
    75 | D        | Reached skill level 5 in Maces & Flails
    75 | D        | Reached XP level 2. HP: 25/27 MP: 2/2
    75 | D        | Reached XP level 3. HP: 30/33 MP: 3/3
    75 | D        | Reached XP level 4. HP: 36/39 MP: 4/4
    78 | D        | Reached *** piety under Trog
    79 | D        | Reached skill level 6 in Maces & Flails
   221 | D        | Found a snail-covered altar of Cheibriados.
   221 | D        | Found a shadowy altar of Dithmenos.
   221 | D        | Found a white marble altar of Elyvilon.
   221 | D        | Found a blossoming altar of Fedhas.
   221 | D        | Found an opulent altar of Gozag.
   222 | D        | Found a hazy altar of Hepliaklqana.
   223 | D        | Found a viscous altar of Jiyva.
   224 | D        | Found an ancient bone altar of Kikubaaqudgha.
   225 | D        | Found a corrupted altar of Lugonu.
   226 | D        | Found a burning altar of Makhleb.
   227 | D        | Found a sparkling altar of Nemelex Xobeh.
   228 | D        | Found an iron altar of Okawaru.
   229 | D        | Found a stormy altar of Qazlal.
   230 | D        | Found a sacrificial altar of Ru.
   231 | D        | Found a shimmering blue altar of Sif Muna.
   232 | D        | Found a bloodstained altar of Trog.
   233 | D        | Found a hide-covered altar of Uskayaw.
   234 | D        | Found a radiant altar of Vehumet.
   235 | D        | Found an ornate altar of the Wu Jian Council.
   236 | D        | Found a shimmering altar of Xom.
   237 | D        | Found a basalt altar of Yredelemnul.
   238 | D        | Found a glowing silver altar of Zin.
   239 | D        | Found a glowing golden altar of the Shining One.
   292 | D        | Noticed a hornet
   292 | D        | Noticed a shadow
   292 | D        | Noticed a vampire
   292 | D        | Noticed a two-headed ogre
   292 | D        | Noticed a yak
   292 | D        | Noticed a centaur
   297 | D        | Killed a centaur
   298 | D        | Reached skill level 8 in Maces & Flails
   298 | D        | Reached XP level 5. HP: 47/47 MP: 5/5
   300 | D        | Killed a yak
   300 | D        | Reached **** piety under Trog
   301 | D        | Reached skill level 9 in Maces & Flails
   301 | D        | Reached XP level 6. HP: 56/56 MP: 6/6
   304 | D        | Killed a two-headed ogre
   305 | D        | Reached skill level 12 in Maces & Flails
   305 | D        | Reached skill level 5 in Armour
   305 | D        | Reached skill level 5 in Dodging
   305 | D        | Reached XP level 7. HP: 65/65 MP: 7/7
   305 | D        | Reached XP level 8. HP: 72/72 MP: 8/8
   317 | D        | Killed a vampire
   318 | D        | Reached skill level 10 in Fighting
   318 | D        | Reached skill level 13 in Maces & Flails
   322 | D        | Killed a shadow
   327 | D        | Killed a hornet
   328 | D        | Reached skill level 14 in Maces & Flails
   328 | D        | Reached XP level 9. HP: 19/79 MP: 9/9
   567 | D        | Noticed a deep elf pyromancer
   567 | D        | Noticed a red ugly thing
   567 | D        | Noticed a four-headed hydra
   567 | D        | Noticed a cane toad
   568 | D        | a cane toad changed into a basilisk
   585 | D        | Killed a four-headed hydra
   585 | D        | Reached ***** piety under Trog
   586 | D        | Reached skill level 15 in Maces & Flails
   605 | D        | Killed a deep elf pyromancer
   606 | D        | Reached skill level 16 in Maces & Flails
   606 | D        | Reached XP level 10. HP: 30/89 MP: 10/10
   606 | D        | Killed a red ugly thing
   984 | D        | Noticed a four-headed hydra
   984 | D        | Noticed a black mamba
   989 | D        | Noticed a torpor snail
   991 | D        | Killed a black mamba
   991 | D        | Received a gift from Trog
  1001 | D        | Killed a four-headed hydra
  1002 | D        | Reached skill level 17 in Maces & Flails
  1027 | D        | Killed a torpor snail
  1028 | D        | Reached skill level 10 in Armour
  1292 | D        | Noticed a komodo dragon
  1292 | D        | Noticed a cane toad
  1292 | D        | Noticed a cane toad
  1292 | D        | Noticed a rime drake
  1292 | D        | Noticed a cane toad
  1293 | D        | Noticed an elephant
  1295 | D        | Received a gift from Trog
  1299 | D        | Killed a cane toad
  1300 | D        | Reached XP level 11. HP: 98/98 MP: 11/11
  1309 | D        | Reached skill level 18 in Maces & Flails
  1318 | D        | Killed an elephant
  1373 | D        | Received a gift from Trog
  1378 | D        | Reached ****** piety under Trog
  1401 | D        | Received a gift from Trog
  1527 | D        | Noticed Urug
  1537 | D        | Killed Urug
  1538 | D        | Reached skill level 15 in Fighting
  1653 | D        | Noticed an orc knight
  1657 | D        | Received a gift from Trog
  1672 | D        | Killed an orc knight
  1673 | D        | Reached skill level 19 in Maces & Flails
  1744 | D        | Received a gift from Trog
  1747 | D        | Noticed an orc sorcerer
  1759 | D        | Killed an orc sorcerer
  1759 | D        | Received a gift from Trog
  1770 | D        | Reached XP level 12. HP: 94/111 MP: 12/12
  1820 | D        | Found Fyur's Book Boutique.
  1820 | D        | Noticed an ogre mage
  1820 | D        | Noticed a deep troll
  1820 | D        | Noticed an ogre mage
  1825 | D        | Killed an ogre mage
  1826 | D        | Found Toxy Puenu's General Store.
  1828 | D        | Killed a deep troll
  1829 | D        | Reached skill level 1 in Stealth
  1837 | D        | Killed an ogre mage
  1838 | D        | Found Qunuafo's Jewellery Boutique.
  1840 | D        | Received a gift from Trog
  1844 | D        | Noticed a deep troll
  1846 | D        | Found Penoave's Magic Scroll Shop.
  1848 | D        | Noticed a deep troll
  1854 | D        | Reached skill level 20 in Maces & Flails
  1856 | D        | Killed a deep troll
  1864 | D        | Killed a deep troll
  1865 | D        | Received a gift from Trog
  2012 | D        | Bought a scroll of brand weapon for 260 gold pieces
  2012 | D        | Bought a scroll of brand weapon for 260 gold pieces
  2016 | D        | Bought a scroll of blinking for 75 gold pieces
  2016 | D        | Bought a scroll of enchant weapon for 75 gold pieces
  2022 | D        | Bought a manual of Fighting for 880 gold pieces
  2028 | D        | Bought a scroll of immolation for 35 gold pieces
  2088 | D        | Noticed Gastronok
  2100 | D        | Killed Gastronok
  2152 | D        | Noticed Grum
  2158 | D        | Killed Grum
  2318 | D        | Noticed a tengu warrior
  2318 | D        | Noticed an eight-headed hydra
  2318 | D        | Noticed a boulder beetle
  2322 | D        | Received a gift from Trog
  2329 | D        | Noticed a centaur warrior
  2330 | D        | Noticed a red very ugly thing
  2332 | D        | Killed an eight-headed hydra
  2336 | D        | Killed a boulder beetle
  2340 | D        | Killed a tengu warrior
  2341 | D        | Reached skill level 21 in Maces & Flails
  2341 | D        | Reached XP level 13. HP: 72/125 MP: 13/13
  2342 | D        | Killed a red very ugly thing
  2345 | D        | Received a gift from Trog
  2347 | D        | Noticed a fire dragon
  2349 | D        | Noticed an ice dragon
  2355 | D        | Killed a centaur warrior
  2355 | D        | Noticed an ice dragon
  2400 | D        | Noticed a purple very ugly thing
  2677 | D        | Killed a fire dragon
  2678 | D        | Reached skill level 15 in Armour
  2832 | D        | Killed an ice dragon
  2988 | D        | Received a gift from Trog
  2996 | D        | Killed a purple very ugly thing
  3030 | D        | Killed an ice dragon
  3031 | D        | Reached skill level 1 in Evocations
  3033 | D        | Noticed a tengu reaver
  3145 | D        | Killed a tengu reaver
  3189 | D        | Noticed Donald
  3205 | D        | Killed Donald
  3205 | D        | Received a gift from Trog
  3206 | D        | Reached skill level 22 in Maces & Flails
  3206 | D        | Noticed Aizul
  3211 | D        | HP: 3/130 [Aizul/bolt of poison (23)]
  3211 | D        | Killed from afar by Aizul

Illustrated notes

Levels and vault maps discovered:
D:        linesprint [early_d, line_temple, items_1, d_10, items_2, lair_1,
          lair_end, items_3, orc_1, orc_end, items_4, d_15, swamp_1, shoals_1,
          snake_1, spider_1, d_20, vaults_1, items_5, swamp_end, shoals_end,
          snake_end, spider_end, vaults_end, d_27, items_6, zot_1, zot_end,
          crypt_end, forest_end, elf_end, slime_end, tomb_end, abyss_end,
          pan_hell_end]

Skill      XL: |  1  2  3  4  5  6  7  8  9 10 11 12 13 |
---------------+----------------------------------------+-----
Fighting       | 5 6 7 9 10 11 13 15 19 21 | 21.3
Maces & Flails | 5 8 9 12 14 16 17 19 21 22 | 22.0
Armour         | 3 4 5 6 8 10 12 14 15 | 15.6
Dodging        | 3 4 5 6 7 8 |  8.8
Stealth        | 2 |  2.0
Evocations     | 1 |  1.3

Action                   |  1- 3 |  4- 6 |  7- 9 | 10-12 | 13-15 || total
-------------------------+-------+-------+-------+-------+-------++-------
Melee: Mace              |    12 |     9 |       |       |       ||    21
       Dire flail        |       |    11 |    46 |    51 |       ||   108
       Eveningstar       |       |       |       |   191 |    54 ||   245
Invok: Berserk           |     1 |     1 |     1 |     8 |     1 ||    12
       Brothers in Arms  |       |       |     2 |     1 |     1 ||     4
Evoke: Wand              |       |       |       |       |     2 ||     2
  Use: Potion            |       |       |     2 |       |     1 ||     3
       Scroll            |       |       |       |     2 |       ||     2
Armor: Animal skin       |     1 |     2 |       |       |       ||     3
       Plate armour      |       |     7 |    26 |    41 |       ||    74
       Chain mail        |       |       |       |    49 |    41 ||    90
Dodge: Dodged            |     5 |     5 |    12 |   111 |    41 ||   174

Table legend: (Time is in decaauts)
 A = Elapsed time spent in this place.
 B = Non-inter-level travel time spent in this place.
 C = Inter-level travel time spent in this place.
 D = Time resting spent in this place.
 E = Time spent auto-exploring this place.
 F = Levels seen in this place.
 G = Mean time per level.
                   A        B        C        D        E       F      G
               +--------+--------+--------+--------+--------+-----+--------+
         Total |   3149 |   3149 |      0 |   1486 |    564 |   1 | 3149.0 |
       Dungeon |   3149 |   3149 |      0 |   1486 |    564 |   1 | 3149.0 |
               +--------+--------+--------+--------+--------+-----+--------+

Top non-repeatable levels by time:
       D: 3149 daAuts
